 Dungeon Crawl Stone Soup version 0.30-a0-585-g93115170b9 (webtiles) character file.

Game seed: 10007886200275569123

578301 Zonian the Thanatomancer (level 26, -16/152 HPs)
             Began as a Vine Stalker Brigand on Dec 31, 2022.
             Was the Champion of Jiyva.
             Killed from afar by an orb of fire (41 damage)
             ... with a bolt of fire
             ... on level 5 of the Realm of Zot on Jan 2, 2023.
             The game lasted 03:47:50 (52230 turns).

Zonian the Thanatomancer (Vine Stalker Brigand)    Turns: 52230, Time: 03:47:50

Health: -16/152    AC: 31    Str: 30    XL:     26   Next: 58%
Magic:  0/42       EV: 19    Int: 23    God:    Jiyva [******]
Gold:   2170       SH:  0    Dex: 22    Spells: 9/53 levels left

rFire   . . .      SeeInvis +    n - +12 pair of quick blades "Gyre" and "Gimble" {protect}
rCold   . . .      Faith    .    (shield currently unavailable)
rNeg    + + .      Spirit   +    t - +1 chain mail of the Eleven Yaks {Will+ Regen+}
rPois   +          Reflect  .    (no helmet)
rElec   .          Harm     .    c - +2 cloak
rCorr   +          Rampage  +    y - +2 pair of gloves
Will    +++++                    G - +2 pair of boots {rampage}
Stlth   +++                      p - amulet of Iffaalio {Rampage rC- Regen+ Int+5 Slay+6}
HPRegen 4.45/turn                S - ring "Erghoedis" {rC+ rN+}
MPRegen 0.78/turn                z - ring "Rosaqunk" {rN+ Str+6 Int+7 Dex+4}

@: mighty, under a protective aura, studying 2 skills
A: fangs 3, regeneration 1, magic shield, antimagic bite, no potion heal 2,
iridescent scales 1, see invisible, clumsy 1, deformed body, dopey 1,
strong-willed 1, poison resistance, strong 2, eyeballs 1, gelatinous body 3,
jelly sensing items, jelly absorbing missiles, MP-powered wands, sturdy frame 1,
engulf
}: 4/15 runes: decaying, serpentine, slimy, silver
a: Renounce Religion, Oozemancy, Slimify


You were on level 5 of the Realm of Zot.
You worshipped Jiyva.
Jiyva was exalted by your worship.
You visited 12 branches of the dungeon, and saw 56 of its levels.
You visited 2 bazaars.
You visited 1 ziggurat, and saw 6 of its levels.
You also visited: Sewer and Ossuary.

You collected 5229 gold pieces.
You spent 3059 gold pieces at shops.

Inventory:

Hand Weapons
 n - the +12 pair of quick blades "Gyre" and "Gimble" (weapon) {protect}
   (You found it on level 5 of the Pits of Slime)

   It grants its wielder temporary protection when it strikes (+7 to AC).
 T - the +9 dagger of the Eggplant {spect, +Blink Int-4 Dex+2}
   (You took it off a deep elf death mage on level 3 of the Elven Halls)

   When its wielder attacks, the weapon's spirit leaps out and strikes again.
   The spirit shares a part of any damage it takes with its wielder.
   Int:       It affects your intelligence (-4).
   Dex:       It affects your dexterity (+2).
   +Blink:    It lets you blink.
Missiles
 d - 61 poisoned darts (quivered)
 e - 7 curare-tipped darts
 k - 4 javelins
 V - a throwing net
Armour
 c - a +2 cloak (worn)
 g - the +2 ring mail of Fyexi {rPois rC- MP+9}
   (You found it on level 4 of the Lair of Beasts)

   rC:        It makes you vulnerable to cold.
   rPois:     It protects you from poison.
   MP:        It affects your magic capacity (+9).
 t - the +1 chain mail of the Eleven Yaks (worn) {Will+ Regen+}
   (You found it on level 1 of the Realm of Zot)

   Regen:     It increases your rate of health regeneration.
   Will:      It increases your willpower.
 y - a +2 pair of gloves (worn)
 G - a +2 pair of boots of rampaging (worn)
Jewellery
 o - a ring of protection from cold
 p - the amulet of Iffaalio (around neck) {Rampage rC- Regen+ Int+5 Slay+6}
   (You found it on level 3 of the Crypt)

   [amulet of regeneration]

   Int:       It affects your intelligence (+5).
   Slay:      It affects your accuracy & damage with ranged weapons and melee
   (+6).
   rC:        It makes you vulnerable to cold.
   Regen:     It increases your rate of health regeneration.
   Rampage:   It bestows one free step when moving towards enemies.
 w - an amulet of regeneration
 z - the ring "Rosaqunk" (right hand) {rN+ Str+6 Int+7 Dex+4}
   (You found it on level 5 of the Pits of Slime)

   [ring of positive energy]

   Str:       It affects your strength (+6).
   Int:       It affects your intelligence (+7).
   Dex:       It affects your dexterity (+4).
   rN:        It protects you from negative energy.
 C - a +5 ring of evasion
 E - the ring "Qowalat" {rF+ Will+ MP+9}
   (You found it on level 14 of the Dungeon)

   [ring of protection from fire]

   rF:        It protects you from fire.
   MP:        It affects your magic capacity (+9).
   Will:      It increases your willpower.
 I - a ring of fire
 L - an amulet of reflection
 N - the ring "Joygg" {+Blink rPois rCorr Int-4 Dex+3}
   (You took it off a centaur warrior on level 14 of the Dungeon)

   [ring of resist corrosion]

   Int:       It affects your intelligence (-4).
   Dex:       It affects your dexterity (+3).
   rPois:     It protects you from poison.
   +Blink:    It lets you blink.
   rCorr:     It protects you from acid and corrosion.
 P - the ring of Laintybu {rElec rPois Will- Int+7 Dex+6}
   (You found it on level 1 of the Lair of Beasts)

   [ring of dexterity]

   Int:       It affects your intelligence (+7).
   Dex:       It affects your dexterity (+6).
   rElec:     It insulates you from electricity.
   rPois:     It protects you from poison.
   Will:      It decreases your willpower.
 S - the ring "Erghoedis" (left hand) {rC+ rN+}
   (You found it on level 3 of the Crypt)

   [ring of positive energy]

   rC:        It protects you from cold.
   rN:        It protects you from negative energy.
Wands
 a - a wand of mindburst (7)
 j - a wand of acid (3)
 v - a wand of digging (10)
 x - a wand of charming (12)
 B - a wand of iceblast (31)
Scrolls
 b - a scroll of fear
 m - 8 scrolls of teleportation
 q - 3 scrolls of blinking
 F - a scroll of summoning
 K - 4 scrolls of fog
 U - 3 scrolls of enchant armour
 W - 6 scrolls of poison
 Y - 3 scrolls of magic mapping
Potions
 f - 6 potions of haste
 h - 8 potions of flight
 i - 8 potions of ambrosia
 l - 5 potions of cancellation
 A - 10 potions of invisibility
 D - 4 potions of magic
 J - 8 potions of lignification
 M - 3 potions of resistance
 O - 24 potions of curing
 R - 8 potions of brilliance
 Z - 3 potions of might
Miscellaneous
 r - a box of beasts
 s - a tin of tremorstones (2/2)
 u - a lightning rod (4/4)
 H - a phantom mirror (inert)
 Q - a condenser vane
 X - a phial of floods


   Skills:
 - Level 20.0 Fighting
 - Level 10.0 Short Blades
 - Level 4.9 Throwing
 - Level 12.0 Armour
 - Level 9.0 Dodging
 - Level 13.0 Stealth
 - Level 14.0 Spellcasting
 + Level 5.8 Conjurations
 + Level 8.7 Summonings
 - Level 25.8 Necromancy
 * Level 6.7 Translocations
 - Level 17.5 Earth Magic
 - Level 12.0 Evocations


You had 9 spell levels left.
You knew the following spells:

 Your Spells              Type           Power      Damage    Failure   Level
a - Vampiric Draining     Necr           94%        2d12      0%          3
b - Animate Dead          Necr           94%        N/A       0%          4
c - Death Channel         Necr           47%        N/A       1%          6
d - Borgnjor's Vile Clut  Necr/Erth      43%        N/A       1%          5
e - Lee's Rapid Deconstr  Erth           38%        3d19*     1%          5
f - Kiss of Death         Conj/Necr      100%       2d13      0%          1
g - Stone Arrow           Conj/Erth      100%       3d13      1%          3
h - Infestation           Necr           47%        N/A       1%          8
i - Haunt                 Necr/Summ      38%        N/A       7%          7
j - Blink                 Tloc           94%        N/A       1%          2

Your spell library contained the following spells:

 Spells                   Type           Power      Damage    Failure   Level
 Necrotise                Necr           100%       1d9       0%          1
 Sandblast                Erth           100%       2d20      0%          1
 Sublimation of Blood     Necr           94%        N/A       0%          2
 Agony                    Necr           94%        N/A       0%          5
 Apportation              Tloc           94%        N/A       1%          1
 Magic Dart               Conj           100%       1d8       1%          1
 Summon Small Mammal      Summ           100%       N/A       1%          1
 Cigotuvi's Dreadful Rot  Necr/Pois/Air  100%       N/A       1%          2
 Passwall                 Tmut/Erth      45%        N/A       1%          2
 Gell's Gravitas          Tloc           47%        N/A       1%          3
 Lesser Beckoning         Tloc           94%        N/A       1%          3
 Teleport Other           Tloc           47%        N/A       1%          3
 Anguish                  Hex/Necr       33%        N/A       1%          4
 Animate Armour           Summ/Erth      100%       N/A       1%          4
 Borgnjor's Revivificati  Necr           47%        N/A       1%          8
 Summon Guardian Golem    Hex/Summ       36%        N/A       4%          3
 Portal Projectile        Hex/Tloc       62%        N/A       8%          3
 Vhi's Electric Charge    Tloc/Air       62%        N/A       8%          3
 Iskenderun's Mystic Bla  Conj/Tloc      45%        2d10      8%          4
 Simulacrum               Ice/Necr       33%        N/A       8%          6
 Hailstorm                Conj/Ice       29%        3d8       9%          3
 Beastly Appendage        Tmut           32%        N/A       10%         1
 Freeze                   Ice            64%        1d7       10%         1
 Slow                     Hex            64%        N/A       10%         1
 Kindle Blastsparks       Fire/Tloc/Air  52%        2d14      12%         3
 Iron Shot                Conj/Erth      31%        9d6       12%         6
 Mephitic Cloud           Conj/Pois/Air  25%        N/A       13%         3
 Ensorcelled Hibernation  Hex/Ice        32%        N/A       14%         2
 Poisonous Vapours        Pois/Air       32%        N/A       14%         2
 Iskenderun's Battlesphe  Conj           43%        2d9       24%         5
 Confusing Touch          Hex            16%        N/A       28%         3
 Frozen Ramparts          Ice            32%        1d5       28%         3
 Inner Flame              Hex/Fire       16%        N/A       28%         3
 Ozocubu's Armour         Ice            16%        N/A       28%         3
 Spider Form              Tmut/Pois      16%        N/A       28%         3
 Tukima's Dance           Hex            16%        N/A       28%         3
 Fulminant Prism          Conj/Hex       14%        3d9       28%         4
 Arcjolt                  Conj/Air       14%        1d24      63%         5
 Fireball                 Conj/Fire      14%        3d8       63%         5
 Irradiate                Conj/Tmut      14%        3d16      63%         5
 Airstrike                Air            8%         2d(2-18)  67%         4
 Cause Fear               Hex            8%         N/A       67%         4
 Ice Form                 Ice/Tmut       16%        N/A       67%         4
 Freezing Cloud           Conj/Ice/Air   12%        6-21      77%         5
 Alistair's Intoxication  Tmut/Pois      10%        N/A       95%         5
 Blade Hands              Tmut           8%         N/A       95%         5
 Metabolic Englaciation   Hex/Ice        8%         N/A       95%         5
 Conjure Ball Lightning   Conj/Air       14%        3x3d6     99%         6
 Spellforged Servitor     Conj/Summ      24%        N/A       99%         7
 Lehudib's Crystal Spear  Conj/Erth      31%        10d8      99%         8
 Eringya's Noxious Bog    Tmut/Pois      8%         N/A       100%        6
 Dragon Form              Tmut           8%         N/A       100%        7
 Orb of Destruction       Conj           21%        9d8       100%        7
 Discord                  Hex            8%         N/A       100%        8
 Maxwell's Capacitive Co  Air            8%         ∞         100%        8
 Dragon's Call            Summ           27%        N/A       100%        9


Dungeon Overview and Level Annotations

Branches:
Dungeon (15/15)            Temple (0/1) D:7            Lair (5/5) D:10
  Swamp (4/4) Lair:3        Snake (4/4) Lair:2        Slime (5/5) Lair:5
    Orc (2/2) D:12            Elf (3/3) Orc:2        Vaults (5/5) D:14
  Crypt (3/3) Vaults:3       Tomb (0/3) Crypt:3      Depths (4/4) D:15
   Hell (visited)             Zot (5/5) Depths:4      Sewer (visited)
Ossuary (visited)
    Dis: Hell:1         Geh: Hell:1         Coc: Hell:1         Tar: Hell:1

Altars:
Ashenzari
Fedhas
Gozag
Hepliaklqana
Kikubaaqudgha
Makhleb
Qazlal
Sif Muna
Trog
Uskayaw
Vehumet
Xom
Yredelemnul
Zin
The Shining One
Jiyva

Shops:
D:4 *   D:13 (   Orc:2 ((*!   Elf:1 :   Snake:1 (   Vaults:1 (   Vaults:5 *
Depths:1 (   Depths:3 !=([!

Portals:
Hell: Depths:1 Depths:2 Depths:3 Depths:4
Abyss: Depths:3
Pandemonium: Depths:2
Trove: Vaults:3 (give +2 fire dragon scales)

Annotations:
D:3 1 runed translucent door, Crazy Yiuf
Lair:5 exclusion: obsidian statue
Swamp:3 jejorda2's ghost, adept MfBe
Snake:4 5 transporters
Slime:5 Royal Jelly
Elf:1 1 runed translucent door
Elf:2 3 runed translucent doors
Crypt:1 Josephina; Vv
Depths:1 4 transporters
Depths:2 2 runed translucent doors, demibob's ghost, veteran HOFi
Hell Geryon


Innate Abilities, Weirdness & Mutations

You have razor-sharp teeth.
Your natural rate of healing is unusually fast.
When hurt, damage is shared between your health and your magic reserves.
Your bite disrupts and absorbs the magic of your enemies.
Potions cannot restore your health.
You are partially covered in iridescent scales. (AC +2)
You have supernaturally acute eyesight. (SInv)
You are clumsy. (Dex -2)
Armour fits poorly on your strangely shaped body.
You are dopey. (Int -2)
You are strong-willed. (Will+)
Your system is resistant to poisons. (rPois)
Your muscles are very strong. (Str +8, Int/Dex -2)
Your body has grown eyes which may confuse attackers. (Acc +3)
Your gelatinous body deflects attacks. (AC +3, EV +3)
You have a small jelly attached to you that senses nearby items.
You have a small jelly attached to you that may absorb projectiles.
You expend magic power (3 MP) to strengthen your wands.
Your movements are slightly less encumbered by armour. (ER -2)
Your melee attacks may engulf your foes in ooze.


Message History

The mirror clouds!
Your quicksilver ooze hits the orb of fire!
Your quicksilver ooze hits the orb of fire but does no damage.
The orb of fire falters for a moment.
Your quicksilver ooze completely misses the orb of fire.
Your quicksilver ooze hits the orb of fire but does no damage.
You hit the orb of fire. Your bite misses the orb of fire.
You impale the orb of fire!!
The orb of fire glows bright magenta.
The fireball explodes!
The fireball engulfs you!!!
* * * LOW HITPOINT WARNING * * *
The fireball engulfs the orb of fire.
The orb of fire completely resists.
Your quicksilver ooze misses the orb of fire.
Your quicksilver ooze closely misses the orb of fire.
You puncture the orb of fire! Your bite misses the orb of fire.
You puncture the orb of fire!
Unknown command.
Okay, then.
You hit the orb of fire but do no damage.
You bite the orb of fire!
The orb of fire's magic leaks into the air.
You drain its magic.
You feel invigorated.
You hit the orb of fire. You miss the orb of fire. You bite the orb of fire!!
The orb of fire's magic leaks into the air.
You drain its magic.
You feel invigorated.
You puncture the orb of fire!
Your quicksilver ooze completely misses the orb of fire.
Your quicksilver ooze hits the orb of fire but does no damage.
You miss the orb of fire.
You bite the orb of fire, but do no damage.
You puncture the orb of fire!
The orb of fire falters for a moment.
You impale the orb of fire!!
You destroy the orb of fire!
The orb of fire emits a lurid red light.
The bolt of fire hits your orb of fire.
Your orb of fire completely resists.
The bolt of fire hits your quicksilver ooze!!!
Your quicksilver ooze dies!
Your quicksilver ooze dissolves into a puddle of slime!
The bolt of fire hits you!!!!
You die...

###....##..*....##...#
##...###.X...##....#
##.#.# ##*..##....##
#..######'###....##*
#...# #....#....##*,
##'## #........##*,,
##...###........#*,,,
##.....#####...#.#*,,,
#.<..@..'..#.###..',,,
#.....⌠.#*.*...#..#*,,
#.......#####......**,
##.....## *#######**
##...## #####


You could see an orb of fire (ally target) and a friendly orb of fire (summoned,
drained, magic disrupted).

Vanquished Creatures
  3 dread liches
  3 ancient liches (Vaults:5)
  2 orbs of fire
  Margery (Vaults:5)
  The ghost of Houmnergh the Rich, a master GnTm of Gozag (Crypt:3)
  3 Killer Klowns
  A curse toe (Zot:2)
  6 golden dragons
  Jory (Crypt:3)
  An electric golem (Zot:1)
  A Brimstone Fiend (Zig:5)
  A hellephant (Zig:5)
  10 tentacled monstrosities
  2 titans (Vaults:5)
  Mlioglotl (Snake:4)
  A walking divine tome (Depths:3)
  4 quicksilver dragons
  7 Orb Guardians
  2 deep elf blademasters (Elf:3)
  2 deep elf master archers (Elf:3)
  8 death cobs
  3 sphinxes
  The ghost of lunkers the Warrior, a journeyman MeGl of Jiyva (Snake:2)
  3 ancient champions
  5 tengu reavers
  Frances (D:13)
  Agnes (Snake:4)
  11 shadow dragons
  6 draconian monks
  A revenant (Crypt:2)
  Donald (Swamp:3)
  3 nagarajas
  5 fire giants
  13 storm dragons
  6 deep elf sorcerers
  10 frost giants
  A curse skull (Crypt:3)
  Aizul (Snake:4)
  An angel (Depths:1)
  Louise (D:15)
  21 vault wardens
  2 balrugs (Zig:5)
  6 draconian shifters
  3 draconian annihilators
  18 ghouls
  7 draconian scorchers
  4 deep elf elementalists (Elf:3)
  15 ironbound preservers
  An orc warlord (Vaults:1)
  A caustic shrike zombie (Crypt:3)
  3 draconian stormcallers
  32 very ugly things
  A quicksilver ooze (shapeshifter) (Vaults:5)
  15 stone giants
  3 ironbound thunderhulks
  A reaper (Depths:1)
  4 war gargoyles
  22 vampire knights
  6 deep elf demonologists
  7 black draconians
  4 bunyips
  10 green draconians
  7 eleionomae
  10 dire elephants
  9 spark wasps
  9 white draconians
  7 deep elf annihilators
  11 purple draconians
  5 red draconians
  4 yellow draconians
  3 deep elf death magi
  A crystal guardian (Vaults:2)
  8 ettins
  5 eidola
  An entropy weaver (Vaults:1)
  A blizzard demon (Depths:2)
  7 fire dragons
  10 jiangshi
  A shambling mangrove (Swamp:1)
  11 yaktaur captains
  4 deep elf high priests
  4 peacekeepers
  3 spriggan zombies
  A rakshasa (Depths:3)
  36 vault guards
  2 ogre magi
  9 anacondas
  5 centaur warriors
  4 ice dragons
  5 salamander tyrants
  3 spriggan air magi
  15 hydras
  6 ironbound frosthearts
  An anaconda (shapeshifter) (Depths:4)
  9 naga warriors
  2 ghost crabs
  21 dancing weapons
  A death knight (Crypt:2)
  4 boulder beetles
  A titan zombie (Vaults:4)
  6 alligators
  11 vampire magi
  2 two-headed ogres
  Urug (Lair:5)
  4 deep troll earth magi
  5 death yaks
  9 tengu warriors
  4 deep troll shamans
  5 spriggan berserkers
  9 hell knights
  A shock serpent (Snake:4)
  12 naga sharpshooters
  15 deep elf knights
  4 soul eaters
  12 salamander mystics
  4 goliath frogs
  20 skeletal warriors
  A spectral anaconda (Lair:5)
  2 sun demons (Depths:1)
  A golden dragon zombie (Crypt:2)
  A shadow wraith (Crypt:3)
  4 sea snakes (Snake:3)
  3 iron trolls
  10 deep elf archers
  A spark wasp zombie (Crypt:2)
  A storm dragon skeleton (Vaults:4)
  43 deep trolls
  An anaconda zombie (Crypt:3)
  A death drake (shapeshifter) (Vaults:5)
  A glowing orange brain (shapeshifter) (Vaults:1)
  A sea snake (shapeshifter) (Vaults:5)
  6 spriggan druids
  7 wizards
  An iron giant skeleton (Crypt:3)
  16 swamp dragons
  20 ironbound convokers
  24 phantasmal warriors
  6 flayed ghosts
  A spriggan simulacrum (Crypt:3)
  6 bog bodies
  2 shadow dragon zombies (Crypt:3)
  11 lindwurms
  7 naga ritualists
  7 mana vipers
  31 ugly things
  5 harpies (Vaults:1)
  9 orc knights
  31 deep elf zephyrmancers
  14 necromancers
  A shadow dragon skeleton (Vaults:3)
  4 cyclopes
  A wolf spider (D:15)
  A tengu skeleton (Vaults:3)
  20 deep elf pyromancers
  10 salamanders
  15 moths of wrath
  4 manticores
  2 fire giant zombies
  A stone giant zombie (Crypt:1)
  33 black mambas
  15 elephants
  3 will-o-the-wisps
  6 guardian serpents
  An apocalypse crab (Zig:1)
  A rust devil (Depths:2)
  A salamander zombie (Snake:2)
  A guardian serpent (shapeshifter) (D:14)
  14 vault sentinels
  A jorogumo skeleton (Crypt:2)
  An orange demon (Depths:2)
  11 naga magi
  3 dire elephant skeletons (Lair:5)
  3 torpor snails
  7 cane toads
  2 unseen horrors (D:12)
  2 hellions (Zot:4)
  5 rime drakes
  A yaktaur zombie (Vaults:3)
  Psyche (D:11)
  34 yaktaurs
  5 kobold demonologists
  6 komodo dragons
  A sea snake zombie (Crypt:1)
  A gargoyle (D:13)
  4 guardian mummies
  2 efreet
  A harpy zombie (Crypt:3)
  A green draconian skeleton (Crypt:3)
  5 freezing wraiths
  7 tengu conjurers
  3 meliai (Lair:4)
  A queen bee (Lair:4)
  A hydra zombie (Crypt:3)
  6 trolls
  4 tyrant leeches
  A tarantella (shapeshifter) (Vaults:5)
  2 tarantellas (Vaults:1)
  A guardian serpent zombie (Snake:2)
  A wind drake (shapeshifter) (D:15)
  A polar bear (Lair:5)
  An ice dragon zombie (Crypt:3)
  18 hornets
  A blink frog (shapeshifter) (D:14)
  A spectral elephant (Lair:5)
  Prince Ribbit (D:6)
  19 blink frogs
  A great orb of eyes zombie (Crypt:2)
  5 dream sheep
  A stone giant simulacrum (Crypt:1)
  An iron dragon simulacrum (Crypt:1)
  A mana viper skeleton (Crypt:1)
  A snapping turtle (shapeshifter) (Vaults:1)
  A fire dragon zombie (Crypt:3)
  A human simulacrum (Vaults:1)
  An ettin zombie (Crypt:1)
  5 air elementals
  4 wyverns
  An ettin skeleton (Vaults:4)
  5 flying skulls (Crypt:3)
  A vampire (D:12)
  5 water elementals
  15 spriggans
  5 fire elementals
  55 yaks
  15 wraiths
  6 basilisks
  2 black mamba zombies
  A basilisk (shapeshifter) (D:14)
  Eustachio (D:6)
  4 steam dragons
  4 vampire mosquitoes (Lair:3)
  2 chaos spawn (Zig:1)
  An elf simulacrum (Vaults:4)
  8 wargs
  Edmund (D:5)
  A glowing shapeshifter zombie (Vaults:3)
  An acid dragon (D:13)
  38 nagas
  15 swamp worms
  2 spectral cane toads (Lair:5)
  8 water moccasins
  A deep troll skeleton (Crypt:3)
  38 orc warriors
  8 swamp drakes
  An ice beast (D:6)
  A black bear (Lair:2)
  A fire dragon simulacrum (Crypt:1)
  2 human zombies
  2 sky beasts
  9 ogres
  8 centaurs
  10 wolves
  A blink frog zombie (Crypt:3)
  An elephant skeleton (Lair:5)
  A rime drake zombie (Crypt:3)
  A phantom (D:6)
  7 kobold brigands
  2 elf zombies (D:7)
  6 bullfrogs
  10 necrophages
  2 gnoll sergeants
  3 scorpions
  An elf skeleton (D:7)
  An earth elemental (Elf:1)
  A wyvern skeleton (Crypt:3)
  13 wights
  4 naga zombies
  An elephant simulacrum (Lair:5)
  34 killer bees
  A raiju skeleton (Crypt:1)
  2 spriggan skeletons
  2 howler monkeys (D:11)
  2 electric eels
  A wolf skeleton (Crypt:2)
  A black bear zombie (Crypt:2)
  3 hounds
  7 orc priests
  A gnoll bouda (D:7)
  3 iguanas
  3 jellies (Sewer)
  2 human skeletons
  23 orc wizards
  12 hell rats
  An ogre zombie (Snake:2)
  8 mummies
  Robin (D:3)
  22 gnolls
  10 adders
  4 river rats
  A swamp drake skeleton (Crypt:3)
  2 ufetubi
  An adder zombie (Ossuary)
  7 worms
  4 dart slugs
  65 orcs
  16 endoplasms
  2 giant cockroaches
  18 goblins
  15 hobgoblins
  5 jackals
  25 kobolds
  2 quokkas
  6 ball pythons
  A ball python skeleton (Ossuary)
  6 bats
  5 frilled lizards
  A giant cockroach zombie (Crypt:3)
  A goblin skeleton (Crypt:1)
  A hobgoblin skeleton (Ossuary)
  A hobgoblin zombie (Ossuary)
  A jackal skeleton (Crypt:1)
  A kobold zombie (Ossuary)
  5 orc skeletons
  3 orc zombies
  9 rats
  2 creeping infernos (Zot:4)
  2 fire vortices (Zot:4)
1972 creatures vanquished.

Vanquished Creatures (collateral kills)
  An ancient lich (Vaults:3)
  A tentacled monstrosity (Vaults:5)
  An Orb Guardian (Zot:5)
  A death cob (Zot:3)
  A storm dragon (Zot:2)
  2 tengu reavers
  A shadow dragon (Zot:4)
  A fire giant (Depths:4)
  A frost giant (Vaults:5)
  A draconian scorcher (Zot:2)
  A vault warden (Vaults:5)
  A ghoul (Crypt:2)
  2 draconian annihilators (Zot:3)
  A ghost moth (Zot:4)
  An ironbound preserver (Vaults:2)
  4 very ugly things
  A curse skull (Crypt:2)
  A war gargoyle (Vaults:3)
  A green draconian (Zot:2)
  2 deep elf annihilators
  2 yellow draconians
  2 black draconians
  4 red draconians
  2 purple draconians
  2 ettins (Vaults:5)
  A yaktaur captain (Vaults:5)
  An ice dragon (Depths:4)
  2 vault guards
  An ironbound frostheart (Vaults:2)
  3 naga warriors (Snake:2)
  A deep troll earth mage (Vaults:4)
  A vampire mage (Depths:1)
  2 tengu warriors (Depths:2)
  A hell knight (Vaults:5)
  2 skeletal warriors (Crypt:3)
  A bog body (Crypt:2)
  A flayed ghost (Crypt:2)
  A wizard (Vaults:2)
  4 deep trolls
  2 lindwurms (Vaults:2)
  2 necromancers (Vaults:5)
  An orc knight (Vaults:5)
  A deep elf pyromancer (Elf:1)
  A deep elf zephyrmancer (Elf:1)
  2 ugly things
  4 moths of wrath
  A centaur zombie (Crypt:3)
  A rust devil (Depths:2)
  2 black mambas (Snake:2)
  A naga mage (Snake:4)
  A vault sentinel (Vaults:5)
  A tengu conjurer (Depths:2)
  3 yaktaurs (Vaults:5)
  An anaconda simulacrum (Crypt:1)
  3 komodo dragons
  A hellwing (Depths:2)
  A shadow dragon simulacrum (Crypt:1)
  A fire elemental (Elf:1)
  A basilisk (Lair:4)
  5 nagas
  An earth elemental (Elf:1)
  5 orcs (Vaults:5)
102 creatures vanquished.

Vanquished Creatures (others)
  3 acid blobs
  3 azure jellies
  2 deep elf elementalists (Elf:3)
  A stone giant (Depths:4)
  2 ironbound preservers
  2 war gargoyles (Vaults:5)
  2 ironbound thunderhulks
  A bunyip (Swamp:4)
  An eleionoma (Swamp:4)
  A deep elf demonologist (Elf:3)
  7 very ugly thing zombies (Depths:4)
  A yaktaur captain (Vaults:4)
  4 great orbs of eyes
  2 deep elf high priests (Elf:3)
  A hydra (Swamp:4)
  6 Orb Guardian zombies (Zot:5)
  A dancing weapon (Elf:1)
  A two-headed ogre (D:13)
  A quicksilver ooze zombie (Vaults:5)
  A storm dragon zombie (Zot:4)
  3 spriggans
  A skeletal warrior (Crypt:3)
  A death drake (shapeshifter) (Vaults:5)
  2 ogre zombies
  An anaconda zombie (Snake:4)
  3 glowing orange brains
  A wizard (Vaults:4)
  5 deep trolls (Vaults:5)
  A glowing orange brain (shapeshifter) (Vaults:5)
  A swamp dragon (Swamp:4)
  A flayed ghost (Depths:4)
  A necromancer (Vaults:5)
  2 lindwurms
  A shadow dragon zombie (Zot:4)
  2 deep elf pyromancers
  A will-o-the-wisp (Swamp:4)
  A shining eye (shapeshifter) (Vaults:5)
  A deep elf zephyrmancer (Elf:3)
  3 stone giant zombies (Vaults:5)
  A manticore (D:12)
  2 frost giant zombies (Vaults:5)
  4 draconian zombies
  A black mamba (Snake:4)
  A naga mage (Snake:2)
  9 human zombies
  A spriggan zombie (Depths:2)
  5 yaktaur zombies
  3 green draconian zombies
  A yaktaur (Vaults:2)
  A black draconian zombie (Zot:4)
  A rime drake (Lair:4)
  2 mana viper zombies
  A troll (shapeshifter) (Vaults:5)
  A hornet (Swamp:2)
  5 bloated husks
  A guardian serpent zombie (Snake:4)
  2 ettin zombies (Vaults:5)
  2 ugly thing zombies (Depths:4)
  A dream sheep (shapeshifter) (D:13)
  17 slime creatures
  A floating eye (Depths:1)
  A jumping spider (shapeshifter) (Elf:1)
  Sigmund (D:6)
  A yak (Lair:4)
  4 black mamba zombies
  A water elemental (Elf:1)
  A golden eye (shapeshifter) (D:14)
  11 naga zombies
  A swamp worm (Swamp:2)
  6 deep troll zombies
  7 salamander zombies
  3 wargs (D:12)
  A floating eye (shapeshifter) (Vaults:5)
  2 orc warriors
  2 centaurs
  2 bullfrogs
  2 wights (D:10)
  2 tengu zombies (Depths:2)
  A killer bee (D:10)
  282 jellies
  An orc priest (Orc:1)
  A human skeleton (Crypt:1)
  An iguana (D:5)
  3 orc wizards
  An adder (D:4)
  14 orcs
  2 kobolds (D:4)
  3 training dummies (Snake:1)
  13 orc zombies
  3 butterflies (Lair:1)
  A creeping inferno (Zot:4)
  A fire vortex (Zot:4)
  6 foxfires
  63 fungi
  128 plants
  27 withered plants
737 creatures vanquished.

Grand Total: 2811 creatures vanquished

Notes
Turn   | Place    | Note
-------+----------+-------------------------------------------
     0 | D:1      | Zonian the Vine Stalker Brigand began the quest for the
                  | Orb.
     0 | D:1      | Reached XP level 1. HP: 11/11 MP: 2/2
    33 | D:1      | Reached skill level 1 in Dodging
    33 | D:1      | Reached XP level 2. HP: 15/15 MP: 1/3
    69 | D:1      | Reached skill level 5 in Stealth
   250 | D:1      | Found a faded altar of an unknown god.
   375 | D:1      | Reached XP level 3. HP: 18/18 MP: 4/4
   852 | D:2      | Gained mutation: Your natural rate of healing is unusually
                  | fast. [Vine Stalker growth]
   852 | D:2      | Reached XP level 4. HP: 23/23 MP: 5/5
  1798 | D:2      | Reached XP level 5. HP: 27/27 MP: 6/6
  2109 | D:3      | Found a runed translucent door.
  2110 | D:3      | Noticed Crazy Yiuf
  2215 | D:3      | Noticed Robin
  2226 | D:3      | Killed Robin
  2532 | D:3      | Found a shimmering blue altar of Sif Muna.
  2603 | D:3      | Found a radiant altar of Vehumet.
  2621 | D:3      | Found an ancient bone altar of Kikubaaqudgha.
  2628 | D:3      | Got Vehumet's Precepts of Attacks
  2850 | D:4      | Noticed a water moccasin
  2867 | D:4      | Killed a water moccasin
  2868 | D:4      | Reached XP level 6. HP: 28/32 MP: 7/7
  2946 | D:4      | Found Retsim's Assorted Antiques.
  3019 | D:4      | Found a stormy altar of Qazlal.
  3143 | D:4      | Reached XP level 7. HP: 36/36 MP: 8/8
  3202 | D:4      | Found a glowing drain.
  3226 | Sewer    | Entered a sewer
  3372 | Sewer    | Found a viscous altar of Jiyva.
  3554 | Sewer    | Became a worshipper of Jiyva Joivanim the Shapeless
  3830 | D:5      | Entered Level 5 of the Dungeon
  3870 | D:5      | Found a broken altar of Ashenzari.
  3895 | D:5      | Reached * piety under Jiyva
  4031 | D:5      | Noticed Edmund
  4104 | D:5      | Killed Edmund
  4105 | D:5      | Gained mutation: You have razor-sharp teeth. [Vine Stalker
                  | growth]
  4105 | D:5      | Reached XP level 8. HP: 42/42 MP: 9/9
  4337 | D:5      | You fall into a shaft and drop 2 floors!
  4337 | D:7      | Found a bloodstained altar of Trog.
  4386 | D:7      | Found a staircase to the Ecumenical Temple.
  4420 | D:7      | Reached ** piety under Jiyva
  4433 | D:7      | Found an opulent altar of Gozag.
  4621 | D:7      | Found a sand-covered staircase.
  4626 | Ossuary  | Entered an ossuary
  4732 | Ossuary  | Noticed a flying skull
  4732 | Ossuary  | Noticed a wraith
  4744 | Ossuary  | Noticed a wraith
  4746 | Ossuary  | Killed a wraith
  4762 | Ossuary  | Noticed a wraith
  4764 | Ossuary  | Killed a wraith
  4765 | Ossuary  | Reached XP level 9. HP: 46/46 MP: 10/10
  4811 | Ossuary  | Reached skill level 5 in Fighting
  4954 | D:7      | Reached skill level 5 in Short Blades
  4964 | D:7      | Found a hide-covered altar of Uskayaw.
  4999 | D:7      | Identified the +2 leather armour of the Constellations
                  | {rElec rPois rN+++}
  5037 | D:6      | Noticed Eustachio
  5057 | D:6      | Noticed Prince Ribbit
  5059 | D:6      | Killed Prince Ribbit
  5073 | D:6      | Reached *** piety under Jiyva
  5193 | D:6      | Reached skill level 5 in Dodging
  5512 | D:6      | Killed Eustachio
  5513 | D:6      | Reached XP level 10. HP: 53/53 MP: 11/11
  5516 | D:6      | Killed Sigmund
  5923 | D:8      | Reached skill level 10 in Stealth
  5940 | D:8      | Noticed a manticore
  5957 | D:8      | Killed a manticore
  6267 | D:8      | Reached **** piety under Jiyva
  6353 | D:8      | Identified the +3 leather armour of Midwinter {-Cast +Inv
                  | Slay+6}
  6512 | D:8      | Found a hazy altar of Hepliaklqana.
  6940 | D:9      | Gained mutation: Armour fits poorly on your pseudopods.
                  | [Jiyva's grace]
  6940 | D:9      | Gained mutation: Armour fits poorly on your large
                  | pseudopods. [Jiyva's grace]
  6940 | D:9      | Gained mutation: Armour fits poorly on your massive
                  | pseudopods. [Jiyva's grace]
  6940 | D:9      | Gained mutation: Your body has grown eyes which may confuse
                  | attackers. (Acc +3) [Jiyva's grace]
  7146 | D:9      | Paralysed by a hornet for 3 turns
  7564 | D:9      | Noticed a kobold demonologist
  7569 | D:9      | Noticed a soul eater
  7583 | D:9      | Killed a kobold demonologist
  7584 | D:9      | Reached XP level 11. HP: 47/58 MP: 8/12
  7596 | D:9      | Identified the +8 trident of a treasure trove {speed, Fly}
  8108 | D:10     | Entered Level 10 of the Dungeon
  8185 | D:10     | Reached ***** piety under Jiyva
  8199 | D:10     | Found a burning altar of Makhleb.
  8244 | D:10     | Found a staircase to the Lair.
  8301 | D:10     | Noticed a two-headed ogre
  8320 | D:10     | Killed a two-headed ogre
  8672 | D:10     | Found a glowing silver altar of Zin.
  8694 | D:10     | Found a shimmering altar of Xom.
  8714 | D:10     | Found a blossoming altar of Fedhas.
  9087 | Lair:1   | Entered Level 1 of the Lair of Beasts
  9246 | Lair:1   | Lost mutation: Your body has grown eyes which may confuse
                  | attackers. (Acc +3) [Jiyva's grace]
  9246 | Lair:1   | Gained mutation: You have a small jelly attached to you
                  | that senses nearby items. [Jiyva's grace]
  9246 | Lair:1   | Gained mutation: You passively map a small area around you.
                  | [Jiyva's grace]
  9246 | Lair:1   | Gained mutation: You passively map the area around you.
                  | [Jiyva's grace]
  9246 | Lair:1   | Gained mutation: You passively map a large area around you.
                  | [Jiyva's grace]
  9420 | Lair:1   | Identified the ring of Laintybu {rElec rPois Will- Int+7
                  | Dex+6}
  9544 | Lair:1   | Reached XP level 12. HP: 65/65 MP: 13/13
 10129 | Lair:2   | Reached ****** piety under Jiyva
 10198 | Lair:2   | Identified the +6 short sword of No Interval {chaos, rF+
                  | Stlth+}
 10349 | Lair:2   | Lost mutation: You passively map a large area around you.
                  | [Jiyva's grace]
 10349 | Lair:2   | Lost mutation: You have a small jelly attached to you that
                  | senses nearby items. [Jiyva's grace]
 10349 | Lair:2   | Gained mutation: You have a pair of small horns on your
                  | head. [Jiyva's grace]
 10349 | Lair:2   | Gained mutation: You have a pair of horns on your head.
                  | [Jiyva's grace]
 10349 | Lair:2   | Gained mutation: You have a pair of large horns on your
                  | head. [Jiyva's grace]
 10349 | Lair:2   | Gained mutation: Your mind is acute. (Int +4, Str/Dex -1)
                  | [Jiyva's grace]
 10453 | Lair:2   | Found a staircase to the Snake Pit.
 11230 | Lair:3   | Found a staircase to the Swamp.
 11537 | Lair:4   | Reached skill level 10 in Fighting
 11537 | Lair:4   | Reached skill level 10 in Short Blades
 11542 | Lair:4   | Learned a level 3 spell: Vampiric Draining
 11575 | Lair:4   | Reached skill level 1 in Necromancy
 11663 | Lair:4   | Noticed a death yak
 11667 | Lair:4   | Reached skill level 2 in Necromancy
 11685 | Lair:4   | Killed a death yak
 11686 | Lair:4   | Reached XP level 13. HP: 67/72 MP: 12/14
 11706 | Lair:4   | Reached skill level 3 in Necromancy
 11770 | Lair:4   | Reached skill level 4 in Necromancy
 11865 | Lair:4   | Reached skill level 5 in Necromancy
 11968 | Lair:4   | Identified the +2 ring mail of Fyexi {rPois rC- MP+9}
 12213 | Lair:4   | Lost mutation: Your mind is acute. (Int +4, Str/Dex -1)
                  | [Jiyva's grace]
 12213 | Lair:4   | Lost mutation: Armour fits poorly on your massive
                  | pseudopods. [Jiyva's grace]
 12213 | Lair:4   | Gained mutation: You passively map a large area around you.
                  | [Jiyva's grace]
 12213 | Lair:4   | Gained mutation: You are robust. (+10% HP) [Jiyva's grace]
 12213 | Lair:4   | Gained mutation: You are very robust. (+20% HP) [Jiyva's
                  | grace]
 12213 | Lair:4   | Gained mutation: You are extremely robust. (+30% HP)
                  | [Jiyva's grace]
 12515 | Lair:5   | Entered Level 5 of the Lair of Beasts
 12530 | Lair:5   | Reached skill level 6 in Necromancy
 12607 | Lair:5   | Noticed Urug
 12632 | Lair:5   | Killed Urug
 12696 | Lair:5   | Reached skill level 7 in Necromancy
 12933 | Lair:5   | Found a runed translucent door.
 12933 | Lair:5   | Found a viscous altar of Jiyva.
 12934 | Lair:5   | Found a staircase to the Slime Pits.
 12943 | Slime:1  | Entered Level 1 of the Pits of Slime
 12966 | Slime:2  | Noticed a rockslime
 12970 | Slime:3  | Noticed a quicksilver ooze
 12973 | Slime:3  | Noticed an azure jelly
 12975 | Slime:3  | Noticed an acid blob
 12989 | Slime:5  | Entered Level 5 of the Pits of Slime
 12989 | Slime:5  | Noticed a great orb of eyes
 13010 | Slime:5  | Found a viscous altar of Jiyva.
 13011 | Slime:5  | Noticed a quicksilver ooze
 13011 | Slime:5  | Noticed an azure jelly
 13011 | Slime:5  | Noticed an acid blob
 13012 | Slime:5  | Noticed an acid blob
 13012 | Slime:5  | Noticed a great orb of eyes
 13012 | Slime:5  | Found the +12 pair of quick blades "Gyre" and "Gimble"
                  | {protect}
 13013 | Slime:5  | Noticed an acid blob
 13013 | Slime:5  | Found the +5 glaive of the Guard {elec, spectral, AC+5}
 13013 | Slime:5  | Noticed a quicksilver ooze
 13013 | Slime:5  | Noticed a rockslime
 13015 | Slime:5  | Noticed an azure jelly
 13015 | Slime:5  | Noticed an acid blob
 13016 | Slime:5  | Identified the +1 robe "Qegin" {rC+}
 13018 | Slime:5  | Identified the +6 dagger "Paphyr" {freeze, rF+ rC+ rN+}
 13019 | Slime:5  | Noticed a great orb of eyes
 13020 | Slime:5  | Noticed the Royal Jelly
 13028 | Slime:5  | Identified the ring "Rosaqunk" {rN+ Str+6 Int+7 Dex+4}
 13040 | Slime:5  | Found the amulet of the Four Winds {rN+ Will+++ Clar}
 13043 | Slime:5  | Identified the +3 dire flail "Gram" {flame, Fragile Fly
                  | rElec Stlth+}
 13046 | Slime:5  | Got a slimy rune of Zot
 13094 | Slime:5  | Noticed an acid blob
 13109 | Slime:4  | Noticed an azure jelly
 13397 | Lair:5   | Reached skill level 8 in Necromancy
 13401 | Lair:5   | Reached XP level 14. HP: 94/105 MP: 15/15
 13541 | Lair:5   | Noticed a dire elephant
 13849 | Lair:5   | Identified the amulet of the Burgomaster {RegenMP Will-
                  | Str+4 Dex-2}
 13851 | Lair:5   | Identified the +1 spear "Ehuusch" {drain, rC+}
 13887 | Lair:5   | Noticed a dire elephant
 13929 | Lair:5   | Noticed a dire elephant
 13953 | Lair:5   | Killed a dire elephant
 13970 | Lair:5   | Slimified a dire elephant
 13970 | Lair:5   | a dire elephant changed into an azure jelly
 13970 | Lair:5   | Noticed an azure jelly
 13977 | Lair:5   | Killed an azure jelly
 13983 | Lair:5   | Killed a dire elephant
 14254 | Lair:5   | Learned a level 4 spell: Animate Dead
 14798 | D:11     | Lost mutation: You have a pair of large horns on your head.
                  | [Jiyva's grace]
 14798 | D:11     | Lost mutation: You have a pair of horns on your head.
                  | [Jiyva's grace]
 14798 | D:11     | Lost mutation: You passively map a large area around you.
                  | [Jiyva's grace]
 14798 | D:11     | Lost mutation: You are extremely robust. (+30% HP) [Jiyva's
                  | grace]
 14798 | D:11     | Lost mutation: Armour fits poorly on your large pseudopods.
                  | [Jiyva's grace]
 14798 | D:11     | Gained mutation: You expend magic power (3 MP) to
                  | strengthen your wands. [Jiyva's grace]
 14798 | D:11     | Gained mutation: Your muscles are strong. (Str +4, Int/Dex
                  | -1) [Jiyva's grace]
 14798 | D:11     | Gained mutation: Your muscles are very strong. (Str +8,
                  | Int/Dex -2) [Jiyva's grace]
 14798 | D:11     | Gained mutation: Your melee attacks may engulf your foes in
                  | ooze. [Jiyva's grace]
 15201 | D:11     | Noticed Psyche
 15214 | D:11     | Killed Psyche
 15979 | D:12     | Found a staircase to the Orcish Mines.
 16335 | D:13     | Noticed Frances
 16353 | D:13     | Killed Frances
 16386 | D:13     | Reached skill level 15 in Fighting
 16386 | D:13     | Found Ivvox's Antique Weapon Shop.
 16804 | D:13     | Lost mutation: You passively map the area around you.
                  | [Jiyva's grace]
 16804 | D:13     | Lost mutation: Your muscles are very strong. (Str +8,
                  | Int/Dex -2) [Jiyva's grace]
 16804 | D:13     | Lost mutation: You expend magic power (3 MP) to strengthen
                  | your wands. [Jiyva's grace]
 16804 | D:13     | Gained mutation: You have a small jelly attached to you
                  | that senses nearby items. [Jiyva's grace]
 16804 | D:13     | Gained mutation: Your mind is acute. (Int +4, Str/Dex -1)
                  | [Jiyva's grace]
 16804 | D:13     | Gained mutation: Your mind is very acute. (Int +8, Str/Dex
                  | -2) [Jiyva's grace]
 16804 | D:13     | Gained mutation: You have supernaturally acute eyesight.
                  | (SInv) [Jiyva's grace]
 17018 | D:14     | Found a gate to the Vaults.
 17108 | D:14     | Identified the ring "Joygg" {+Blink rPois rCorr Int-4
                  | Dex+3}
 17121 | D:14     | Noticed a storm dragon
 17125 | D:14     | Noticed a storm dragon
 17138 | D:14     | Killed a storm dragon
 17139 | D:14     | Reached XP level 15. HP: 99/109 MP: 16/16
 17154 | D:14     | Killed a storm dragon
 17193 | D:14     | Identified the ring "Qowalat" {rF+ Will+ MP+9}
 17199 | D:14     | Got Sif Muna's Octavo of Iron Bewitchment
 17201 | D:14     | Got the Secrets of Grisly Hoarfrost
 17424 | D:14     | Reached skill level 1 in Spellcasting
 17424 | D:14     | Found a glowing golden altar of the Shining One.
 17764 | D:15     | Entered Level 15 of the Dungeon
 17962 | D:15     | Found a flickering gateway to a bazaar.
 17978 | Bazaar   | Entered a bazaar
 17978 | Bazaar   | Found Locuediurph's Antique Armour Shop.
 17978 | Bazaar   | Found Sures's Antique Armour Boutique.
 17978 | Bazaar   | Found Duqon's Jewellery Boutique.
 17978 | Bazaar   | Found Kunoxum's Antique Armour Boutique.
 17978 | Bazaar   | Found Usicel's Assorted Antiques.
 17999 | Bazaar   | Bought a potion of curing for 135 gold pieces
 18003 | Bazaar   | Bought a pair of embroidered boots for 165 gold pieces
 18017 | Bazaar   | Bought a scroll of fog for 180 gold pieces
 18163 | D:15     | Noticed Louise
 18172 | D:15     | Killed Louise
 18255 | D:15     | Found a staircase to the Depths.
 18259 | D:15     | Reached skill level 9 in Necromancy
 18485 | D:15     | Lost mutation: You are very robust. (+20% HP) [Jiyva's
                  | grace]
 18485 | D:15     | Gained mutation: You are very robust. (+20% HP) [Jiyva's
                  | grace]
 18485 | D:15     | Gained mutation: You are extremely robust. (+30% HP)
                  | [Jiyva's grace]
 18485 | D:15     | Gained mutation: A frigid envelope surrounds you and
                  | freezes all who hurt you. [Jiyva's grace]
 18485 | D:15     | Gained mutation: You have a small jelly attached to you
                  | that may absorb projectiles. [Jiyva's grace]
 18816 | Orc:1    | Entered Level 1 of the Orcish Mines
 18906 | Orc:2    | Entered Level 2 of the Orcish Mines
 18979 | Orc:2    | Found a staircase to the Elven Halls.
 19253 | Orc:2    | Reached skill level 10 in Necromancy
 19258 | Orc:2    | Found Wepn's Antique Weapon Emporium.
 19258 | Orc:2    | Found Oribrile's Weapon Shop.
 19656 | Orc:2    | Found Puadoez's General Store.
 19683 | Orc:2    | Found Cuvemam's Distillery.
 19715 | Orc:2    | Bought a potion of haste for 130 gold pieces
 19715 | Orc:2    | Bought a potion of curing for 39 gold pieces
 19715 | Orc:2    | Bought a potion of magic for 104 gold pieces
 20037 | Snake:1  | Entered Level 1 of the Snake Pit
 20095 | Snake:1  | Reached skill level 11 in Necromancy
 20440 | Snake:1  | Found Jerpheidd's Firing Range.
 20454 | Snake:1  | Bought a throwing net for 57 gold pieces
 20472 | Snake:1  | Lost mutation: A frigid envelope surrounds you and freezes
                  | all who hurt you. [Jiyva's grace]
 20472 | Snake:1  | Lost mutation: You are extremely robust. (+30% HP) [Jiyva's
                  | grace]
 20472 | Snake:1  | Lost mutation: Your muscles are strong. (Str +4, Int/Dex
                  | -1) [Jiyva's grace]
 20472 | Snake:1  | Lost mutation: You have a small jelly attached to you that
                  | may absorb projectiles. [Jiyva's grace]
 20472 | Snake:1  | Gained mutation: You are resistant to electric shocks.
                  | (rElec) [Jiyva's grace]
 20472 | Snake:1  | Gained mutation: You have hidden genetic potential.
                  | [Jiyva's grace]
 20472 | Snake:1  | Gained mutation: You have great hidden genetic potential.
                  | [Jiyva's grace]
 20472 | Snake:1  | Gained mutation: You have sharp fingernails. [Jiyva's
                  | grace]
 20881 | Snake:1  | Identified the +6 flail of Tension {pain, *Corrode rElec
                  | rC- Str+8}
 21297 | Snake:2  | Noticed a nagaraja
 21322 | Snake:2  | Reached skill level 12 in Necromancy
 21382 | Snake:2  | Reached skill level 1 in Evocations
 21491 | Snake:2  | Found a runed translucent door.
 21491 | Snake:2  | Noticed lunkers's ghost (journeyman MeGl)
 21564 | Snake:2  | Reached XP level 16. HP: 98/115 MP: 23/23
 21668 | Snake:2  | Noticed Saint Roka
 21709 | Snake:2  | Found a radiant altar of Vehumet.
 21713 | Snake:2  | Found a transporter.
 22137 | Snake:2  | Killed lunkers's ghost
 22139 | Snake:2  | Identified the ring "Wisa" {*Slow rPois Will+++ Str+6
                  | Dex+5}
 22237 | Snake:3  | Reached skill level 5 in Spellcasting
 22394 | Snake:3  | Noticed a nagaraja
 22599 | Snake:3  | Reached skill level 1 in Armour
 22616 | Snake:3  | Learned a level 6 spell: Death Channel
 22622 | Snake:3  | Learned a level 5 spell: Borgnjor's Vile Clutch
 22945 | Snake:4  | Entered Level 4 of the Snake Pit
 22949 | Snake:4  | Reached skill level 1 in Earth Magic
 22984 | Snake:4  | Noticed Aizul
 23017 | Snake:4  | Killed Aizul
 23080 | Snake:4  | Found a transporter.
 23083 | Snake:4  | Found a transporter.
 23117 | Snake:4  | Lost mutation: You have a pair of small horns on your head.
                  | [Jiyva's grace]
 23117 | Snake:4  | Lost mutation: Your mind is very acute. (Int +8, Str/Dex
                  | -2) [Jiyva's grace]
 23117 | Snake:4  | Lost mutation: Armour fits poorly on your pseudopods.
                  | [Jiyva's grace]
 23117 | Snake:4  | Lost mutation: Your melee attacks may engulf your foes in
                  | ooze. [Jiyva's grace]
 23117 | Snake:4  | Gained mutation: Your rubbery body absorbs attacks. (AC +1,
                  | EV +1) [Jiyva's grace]
 23117 | Snake:4  | Gained mutation: Your pliable body absorbs attacks. (AC +2,
                  | EV +2) [Jiyva's grace]
 23117 | Snake:4  | Gained mutation: Your gelatinous body deflects attacks. (AC
                  | +3, EV +3) [Jiyva's grace]
 23117 | Snake:4  | Gained mutation: You are strong-willed. (Will+) [Jiyva's
                  | grace]
 23164 | Snake:4  | Gained mutation: Your muscles are strong. (Str +4, Int/Dex
                  | -1) [hidden potential]
 23178 | Snake:4  | Noticed Agnes
 23184 | Snake:4  | Killed Agnes
 23185 | Snake:4  | Found a transporter.
 23195 | Snake:4  | Found a transporter.
 23216 | Snake:4  | Found a transporter.
 23217 | Snake:4  | Found a transporter.
 23306 | Snake:4  | Reached skill level 5 in Earth Magic
 23313 | Snake:4  | Noticed a nagaraja
 23408 | Snake:4  | Noticed a nagaraja
 23421 | Snake:4  | Killed a nagaraja
 23422 | Snake:4  | Noticed Mlioglotl
 23427 | Snake:4  | Reached XP level 17. HP: 65/120 MP: 30/30
 23716 | Snake:4  | Killed Mlioglotl
 23771 | Snake:4  | Got a serpentine rune of Zot
 23906 | Snake:4  | Reached skill level 10 in Earth Magic
 24089 | Swamp:1  | Entered Level 1 of the Swamp
 24659 | Swamp:2  | Gained mutation: You have a pair of small horns on your
                  | head. [hidden potential]
 24659 | Swamp:2  | Lost mutation: You have great hidden genetic potential.
                  | [hidden potential expressed]
 24819 | Swamp:2  | Reached skill level 13 in Necromancy
 25213 | Swamp:3  | Found a runed translucent gate.
 25214 | Swamp:3  | Found a runed translucent gate.
 25215 | Swamp:3  | Found a runed translucent gate.
 25216 | Swamp:3  | Noticed jejorda2's ghost (adept MfBe)
 25323 | Swamp:3  | Lost mutation: Your mind is acute. (Int +4, Str/Dex -1)
                  | [Jiyva's grace]
 25323 | Swamp:3  | Lost mutation: You are strong-willed. (Will+) [Jiyva's
                  | grace]
 25323 | Swamp:3  | Lost mutation: You have a small jelly attached to you that
                  | senses nearby items. [Jiyva's grace]
 25323 | Swamp:3  | Gained mutation: Your skin changes colour to match your
                  | surroundings (Stealth+). [Jiyva's grace]
 25323 | Swamp:3  | Gained mutation: Your skin blends seamlessly with your
                  | surroundings (Stealth++). [Jiyva's grace]
 25323 | Swamp:3  | Gained mutation: Your skin perfectly mimics your
                  | surroundings (Stealth+++). [Jiyva's grace]
 25323 | Swamp:3  | Gained mutation: You expend magic power (3 MP) to
                  | strengthen your wands. [Jiyva's grace]
 25461 | Swamp:3  | Noticed Donald
 25475 | Swamp:3  | Killed Donald
 25701 | Swamp:4  | Entered Level 4 of the Swamp
 25814 | Swamp:4  | Reached XP level 18. HP: 69/126 MP: 31/31
 25836 | Swamp:4  | Reached skill level 14 in Necromancy
 25909 | Swamp:4  | Noticed the 27-headed Lernaean hydra
 25936 | Swamp:4  | Slimified the 27-headed Lernaean hydra
 25936 | Swamp:4  | the 27-headed Lernaean hydra changed into a slime creature
                  | shaped Lernaean hydra
 25936 | Swamp:4  | Noticed a slime creature shaped Lernaean hydra
 25998 | Swamp:4  | Reached skill level 15 in Necromancy
 26064 | Swamp:4  | Got a decaying rune of Zot
 26656 | Elf:1    | Entered Level 1 of the Elven Halls
 26656 | Elf:1    | Found a runed translucent gate.
 26656 | Elf:1    | Found a runed translucent gate.
 26656 | Elf:1    | Found a runed translucent gate.
 26656 | Elf:1    | Found a runed translucent gate.
 26656 | Elf:1    | Found a runed translucent gate.
 26656 | Elf:1    | Found a runed translucent gate.
 26657 | Elf:1    | Found a runed translucent door.
 26670 | Elf:1    | Found a runed translucent door.
 26763 | Elf:1    | Found Lasismef's Self-Improvement Boutique.
 26842 | Elf:1    | Identified the +0 mace "Omoahoh" {freeze, rPois}
 26934 | Elf:1    | Gained mutation: You have very sharp fingernails. [hidden
                  | potential]
 26975 | Elf:1    | Reached skill level 16 in Necromancy
 27218 | Elf:1    | Learned a level 5 spell: Lee's Rapid Deconstruction
 27664 | Elf:2    | Found a runed translucent gate.
 27664 | Elf:2    | Found a runed translucent gate.
 27666 | Elf:2    | Found a runed translucent gate.
 27711 | Elf:3    | Entered Level 3 of the Elven Halls
 27734 | Elf:3    | Reached skill level 17 in Necromancy
 27905 | Elf:3    | Reached XP level 19. HP: 124/130 MP: 32/32
 28088 | Elf:3    | Lost mutation: You are resistant to electric shocks.
                  | (rElec) [Jiyva's grace]
 28088 | Elf:3    | Lost mutation: You have hidden genetic potential. [Jiyva's
                  | grace]
 28088 | Elf:3    | Gained mutation: Your body has grown eyes which may confuse
                  | attackers. (Acc +3) [Jiyva's grace]
 28088 | Elf:3    | Gained mutation: Your body has grown many eyes which may
                  | confuse attackers. (Acc +5) [Jiyva's grace]
 28088 | Elf:3    | Gained mutation: Your body is covered in eyes which may
                  | confuse attackers. (Acc +7, SInv) [Jiyva's grace]
 28088 | Elf:3    | Gained mutation: Your muscles are very strong. (Str +8,
                  | Int/Dex -2) [Jiyva's grace]
 28768 | Elf:3    | Identified the +6 morningstar "Riycuar" {venom, Will+
                  | Str+3}
 28778 | Elf:3    | Identified the +9 dagger of the Eggplant {spect, +Blink
                  | Int-4 Dex+2}
 28778 | Elf:3    | Noticed a Tzitzimitl
 28852 | Elf:3    | Gained mutation: Your body sometimes deteriorates upon
                  | taking damage. [a cacodemon]
 28910 | Elf:3    | Identified the +1 buckler of the Mangosteen {rC- rCorr
                  | Str+2}
 28986 | Elf:3    | Got the Incunabulum of Clouds and the Barrage
 29004 | Elf:3    | Got the Writings on Interference and Attacks
 29052 | Elf:3    | Got Toklonel's Encyclopedia of Transmigration
 29535 | Vaults:1 | Entered Level 1 of the Vaults
 29545 | Vaults:1 | Reached skill level 18 in Necromancy
 29631 | Vaults:1 | Found Heutenwu's Weapon Emporium.
 30346 | Vaults:1 | Lost mutation: Your body sometimes deteriorates upon taking
                  | damage. [Jiyva's grace]
 30346 | Vaults:1 | Lost mutation: Your muscles are very strong. (Str +8,
                  | Int/Dex -2) [Jiyva's grace]
 30346 | Vaults:1 | Lost mutation: Your muscles are strong. (Str +4, Int/Dex
                  | -1) [Jiyva's grace]
 30346 | Vaults:1 | Lost mutation: Your body is covered in eyes which may
                  | confuse attackers. (Acc +7, SInv) [Jiyva's grace]
 30346 | Vaults:1 | Lost mutation: Your body has grown many eyes which may
                  | confuse attackers. (Acc +5) [Jiyva's grace]
 30346 | Vaults:1 | Lost mutation: Your gelatinous body deflects attacks. (AC
                  | +3, EV +3) [Jiyva's grace]
 30346 | Vaults:1 | Lost mutation: Your pliable body absorbs attacks. (AC +2,
                  | EV +2) [Jiyva's grace]
 30346 | Vaults:1 | Gained mutation: Your body has grown many eyes which may
                  | confuse attackers. (Acc +5) [Jiyva's grace]
 30346 | Vaults:1 | Gained mutation: Your body is covered in eyes which may
                  | confuse attackers. (Acc +7, SInv) [Jiyva's grace]
 30346 | Vaults:1 | Gained mutation: You have a small jelly attached to you
                  | that may absorb projectiles. [Jiyva's grace]
 30346 | Vaults:1 | Gained mutation: Your mind is acute. (Int +4, Str/Dex -1)
                  | [Jiyva's grace]
 30988 | Vaults:2 | Reached XP level 20. HP: 140/140 MP: 33/33
 31060 | Vaults:2 | Reached skill level 15 in Earth Magic
 31470 | Vaults:2 | Reached skill level 19 in Necromancy
 31585 | Vaults:2 | Found a flickering gateway to a bazaar.
 31596 | Bazaar   | Entered a bazaar
 31597 | Bazaar   | Found Geybbul's Book Boutique.
 31602 | Bazaar   | Found Vecolir's Weapon Emporium.
 31609 | Bazaar   | Found Baheenwuonn's General Store.
 31640 | Bazaar   | Found Muismur's General Store.
 31662 | Bazaar   | Bought a scroll of acquirement for 468 gold pieces
 31662 | Bazaar   | Acquired 477 gold pieces
 32250 | Vaults:3 | Found a staircase to the Crypt.
 32355 | Vaults:3 | Lost mutation: Your skin perfectly mimics your surroundings
                  | (Stealth+++). [Jiyva's grace]
 32355 | Vaults:3 | Lost mutation: You are very robust. (+20% HP) [Jiyva's
                  | grace]
 32355 | Vaults:3 | Lost mutation: Your body is covered in eyes which may
                  | confuse attackers. (Acc +7, SInv) [Jiyva's grace]
 32355 | Vaults:3 | Gained mutation: You are covered in slimy tendrils that may
                  | disarm your opponents. [Jiyva's grace]
 32355 | Vaults:3 | Gained mutation: Your muscles are strong. (Str +4, Int/Dex
                  | -1) [Jiyva's grace]
 32355 | Vaults:3 | Gained mutation: Your muscles are very strong. (Str +8,
                  | Int/Dex -2) [Jiyva's grace]
 32355 | Vaults:3 | Gained mutation: You have sharp toenails. [Jiyva's grace]
 32961 | Vaults:3 | Found a portal to a secret trove of treasure.
 33017 | Vaults:3 | Reached XP level 21. HP: 105/138 MP: 34/34
 33053 | Vaults:3 | Noticed an ancient lich
 33066 | Vaults:3 | Killed an ancient lich
 33429 | Vaults:4 | Reached skill level 20 in Necromancy
 33848 | Vaults:4 | Reached skill level 5 in Evocations
 33938 | Vaults:4 | Lost mutation: You have very sharp fingernails. [Jiyva's
                  | grace]
 33938 | Vaults:4 | Lost mutation: You have sharp fingernails. [Jiyva's grace]
 33938 | Vaults:4 | Lost mutation: Your skin blends seamlessly with your
                  | surroundings (Stealth++). [Jiyva's grace]
 33938 | Vaults:4 | Lost mutation: You are robust. (+10% HP) [Jiyva's grace]
 33938 | Vaults:4 | Lost mutation: Your rubbery body absorbs attacks. (AC +1,
                  | EV +1) [Jiyva's grace]
 33938 | Vaults:4 | Gained mutation: Your mind is very acute. (Int +8, Str/Dex
                  | -2) [Jiyva's grace]
 33938 | Vaults:4 | Gained mutation: Your skin blends seamlessly with your
                  | surroundings (Stealth++). [Jiyva's grace]
 33938 | Vaults:4 | Gained mutation: Your skin perfectly mimics your
                  | surroundings (Stealth+++). [Jiyva's grace]
 33938 | Vaults:4 | Lost mutation: You have sharp toenails. [Jiyva's grace]
 33938 | Vaults:4 | Gained mutation: You have large cloven feet. [Jiyva's
                  | grace]
 34750 | Snake:2  | Slimified Saint Roka
 34750 | Snake:2  | Saint Roka changed into Saint Roka the azure jelly
 34750 | Snake:2  | Noticed Saint Roka
 34810 | Snake:2  | Found a transporter.
 35743 | Vaults:4 | Learned a level 1 spell: Kiss of Death
 35747 | Vaults:4 | Learned a level 3 spell: Stone Arrow
 35749 | Vaults:5 | Entered Level 5 of the Vaults
 35806 | Vaults:4 | Reached skill level 5 in Armour
 36566 | Vaults:5 | Found Xobreani's Assorted Antiques.
 36566 | Vaults:5 | Noticed an ancient lich
 36573 | Vaults:5 | Slimified an ancient lich
 36573 | Vaults:5 | an ancient lich changed into an azure jelly
 36591 | Vaults:5 | Got a silver rune of Zot
 36620 | Vaults:5 | Noticed Margery
 36626 | Vaults:5 | Reached XP level 22. HP: 53/133 MP: 35/35
 36640 | Vaults:5 | Killed Margery
 36668 | Vaults:5 | Reached skill level 10 in Evocations
 36723 | Vaults:5 | Bought a potion of invisibility for 248 gold pieces
 36723 | Vaults:5 | Bought a potion of curing for 93 gold pieces
 36793 | Vaults:5 | Noticed an ancient lich
 36821 | Vaults:5 | Killed an ancient lich
 36881 | Vaults:5 | Learned a level 8 spell: Infestation
 36939 | Vaults:5 | Identified the +5 great mace of Qahyutt {pain, Will+}
 36997 | Vaults:5 | Identified the +4 sling of the Eel {drain, Dex+5}
 37059 | Vaults:5 | Noticed an ancient lich
 37077 | Vaults:5 | Killed an ancient lich
 37200 | Vaults:5 | Noticed an ancient lich
 37228 | Vaults:5 | Noticed a golden dragon
 37278 | Vaults:5 | Killed a golden dragon
 37407 | Vaults:5 | Killed an ancient lich
 37919 | Vaults:5 | Noticed a dread lich
 37920 | Vaults:5 | Identified the +10 shortbow of Discomfort {heavy, +Blink
                  | Will+ rCorr}
 37942 | Vaults:5 | Killed a dread lich
 38424 | Depths:1 | Entered Level 1 of the Depths
 38426 | Depths:1 | Found a gateway to Hell.
 38458 | Depths:1 | Reached skill level 10 in Spellcasting
 38554 | Depths:1 | Lost mutation: Your skin perfectly mimics your surroundings
                  | (Stealth+++). [Jiyva's grace]
 38554 | Depths:1 | Lost mutation: Your skin blends seamlessly with your
                  | surroundings (Stealth++). [Jiyva's grace]
 38554 | Depths:1 | Lost mutation: Your skin changes colour to match your
                  | surroundings (Stealth+). [Jiyva's grace]
 38554 | Depths:1 | Lost mutation: Your mind is very acute. (Int +8, Str/Dex
                  | -2) [Jiyva's grace]
 38554 | Depths:1 | Lost mutation: Your muscles are very strong. (Str +8,
                  | Int/Dex -2) [Jiyva's grace]
 38554 | Depths:1 | Lost mutation: Your body has grown many eyes which may
                  | confuse attackers. (Acc +5) [Jiyva's grace]
 38554 | Depths:1 | Gained mutation: Your movements are slightly less
                  | encumbered by armour. (ER -2) [Jiyva's grace]
 38554 | Depths:1 | Gained mutation: Your movements are less encumbered by
                  | armour. (ER -4) [Jiyva's grace]
 38554 | Depths:1 | Gained mutation: Your movements are significantly less
                  | encumbered by armour. (ER -6) [Jiyva's grace]
 38554 | Depths:1 | Gained mutation: You are strong-willed. (Will+) [Jiyva's
                  | grace]
 38585 | Depths:1 | Found a transporter.
 38623 | Depths:1 | Found a transporter.
 38625 | Depths:1 | Found a transporter.
 38649 | Depths:1 | Found a transporter.
 38715 | Depths:1 | Found Utrofini's Antique Weapon Shoppe.
 38800 | Depths:1 | Found a one-way gateway to a ziggurat.
 38948 | Depths:1 | Reached XP level 23. HP: 137/137 MP: 38/38
 39108 | Depths:2 | Reached skill level 21 in Necromancy
 39393 | Depths:2 | Learned a level 7 spell: Haunt
 39540 | Depths:2 | Reached skill level 1 in Summonings
 39730 | Depths:2 | Found a one-way gate leading to the halls of Pandemonium.
 39997 | Depths:2 | Found a large runed translucent door.
 39997 | Depths:2 | Found a large runed translucent door.
 39997 | Depths:2 | Noticed demibob's ghost (veteran HOFi)
 40315 | Depths:3 | Found a one-way gate to the infinite horrors of the Abyss.
 40454 | Depths:3 | Found Liaroass's Antique Armour Shoppe.
 40471 | Depths:3 | Bought a scorched scale mail for 288 gold pieces
 40471 | Depths:3 | Identified the +3 scale mail of the Buccaneer {rN+} (You
                  | bought it in a shop on level 3 of the Depths)
 40507 | Depths:3 | Found Huhoufaq's Distillery.
 40524 | Depths:3 | Bought a potion of haste for 240 gold pieces
 40524 | Depths:3 | Bought a potion of cancellation for 192 gold pieces
 40560 | Depths:3 | Found Leaxug's Jewellery Boutique.
 40585 | Depths:3 | Found Moygitol's Distillery.
 40593 | Depths:3 | Bought a potion of invisibility for 120 gold pieces
 40593 | Depths:3 | Bought a potion of invisibility for 120 gold pieces
 40593 | Depths:3 | Bought a potion of might for 60 gold pieces
 40593 | Depths:3 | Bought a potion of haste for 150 gold pieces
 40593 | Depths:3 | Bought a potion of cancellation for 120 gold pieces
 40593 | Depths:3 | Bought a potion of resistance for 150 gold pieces
 40605 | Depths:3 | Lost mutation: You have large cloven feet. [Jiyva's grace]
 40605 | Depths:3 | Lost mutation: You have a pair of small horns on your head.
                  | [Jiyva's grace]
 40605 | Depths:3 | Lost mutation: You passively map a small area around you.
                  | [Jiyva's grace]
 40605 | Depths:3 | Lost mutation: Your muscles are strong. (Str +4, Int/Dex
                  | -1) [Jiyva's grace]
 40605 | Depths:3 | Lost mutation: Your movements are significantly less
                  | encumbered by armour. (ER -6) [Jiyva's grace]
 40605 | Depths:3 | Gained mutation: You possess an exceptional clarity of
                  | mind. [Jiyva's grace]
 40605 | Depths:3 | Gained mutation: Your mind is very acute. (Int +8, Str/Dex
                  | -2) [Jiyva's grace]
 40605 | Depths:3 | Gained mutation: You are highly strong-willed. (Will++)
                  | [Jiyva's grace]
 40605 | Depths:3 | Gained mutation: You are extremely strong-willed. (Will+++)
                  | [Jiyva's grace]
 40607 | Depths:3 | Found Tichim Ystro's Antique Weapon Emporium.
 40932 | Depths:4 | Entered Level 4 of the Depths
 41059 | Depths:4 | Noticed a golden dragon
 41077 | Depths:4 | Slimified a golden dragon
 41077 | Depths:4 | a golden dragon changed into an azure jelly
 41109 | Depths:4 | Found a radiant altar of Vehumet.
 41141 | Depths:4 | Reached skill level 5 in Summonings
 41893 | Depths:4 | Reached skill level 22 in Necromancy
 41914 | Depths:4 | Found a gate to the Realm of Zot.
 42445 | Crypt:1  | Entered Level 1 of the Crypt
 42740 | Crypt:1  | Found a basalt altar of Yredelemnul.
 43076 | Crypt:1  | Lost mutation: You have supernaturally acute eyesight.
                  | (SInv) [Jiyva's grace]
 43076 | Crypt:1  | Lost mutation: You possess an exceptional clarity of mind.
                  | [Jiyva's grace]
 43076 | Crypt:1  | Lost mutation: Your movements are less encumbered by
                  | armour. (ER -4) [Jiyva's grace]
 43076 | Crypt:1  | Gained mutation: Your melee attacks may engulf your foes in
                  | ooze. [Jiyva's grace]
 43076 | Crypt:1  | Gained mutation: You are robust. (+10% HP) [Jiyva's grace]
 43076 | Crypt:1  | Gained mutation: You are very robust. (+20% HP) [Jiyva's
                  | grace]
 43076 | Crypt:1  | Gained mutation: You are extremely robust. (+30% HP)
                  | [Jiyva's grace]
 43116 | Crypt:1  | Reached XP level 24. HP: 184/184 MP: 37/40
 43151 | Crypt:1  | Noticed Vv
 43266 | Crypt:1  | Identified the ring of Liberalism {Ice rPois MP+9}
 43266 | Crypt:1  | Noticed Josephina
 44016 | Crypt:2  | Identified the ring of Tension {rN+ Str+5}
 44242 | Crypt:3  | Entered Level 3 of the Crypt
 44264 | Crypt:3  | Found a runed translucent door.
 44264 | Crypt:3  | Noticed Houmnergh's ghost (master GnTm)
 44334 | Crypt:3  | Reached skill level 23 in Necromancy
 44843 | Crypt:3  | Reached skill level 24 in Necromancy
 44881 | Crypt:3  | Found a shimmering altar of Xom.
 44913 | Crypt:3  | Noticed Jory
 44948 | Crypt:3  | Killed Jory
 44970 | Crypt:3  | Identified the ring "Erghoedis" {rC+ rN+}
 44970 | Crypt:3  | Identified the amulet of Iffaalio {Rampage rC- Regen+ Int+5
                  | Slay+6}
 44970 | Crypt:3  | Identified the ring of Cheibriados's Approval {rC+ rN+}
 45228 | Crypt:3  | Found a staircase to the Tomb.
 45376 | Crypt:3  | Upgraded the game from 0.30-a0-578-gdee14c521f to
                  | 0.30-a0-585-g93115170b9
 45602 | Crypt:3  | Got the Enchiridion on Death
 45895 | Crypt:2  | Found an ancient bone altar of Kikubaaqudgha.
 46000 | Crypt:3  | Killed Houmnergh's ghost
 46014 | Crypt:3  | Identified the -2 hat of Boesew {rC+ rN+ Int+4}
 46017 | Crypt:3  | Got the Parchment of the Caves
 47005 | Zot:1    | Entered Level 1 of the Realm of Zot
 47060 | Zot:1    | Reached skill level 25 in Necromancy
 47089 | Zot:1    | Lost mutation: Your mind is very acute. (Int +8, Str/Dex
                  | -2) [Jiyva's grace]
 47089 | Zot:1    | Lost mutation: You are extremely robust. (+30% HP) [Jiyva's
                  | grace]
 47089 | Zot:1    | Lost mutation: You have a small jelly attached to you that
                  | may absorb projectiles. [Jiyva's grace]
 47089 | Zot:1    | Lost mutation: You expend magic power (3 MP) to strengthen
                  | your wands. [Jiyva's grace]
 47089 | Zot:1    | Gained mutation: You expend magic power (3 MP) to
                  | strengthen your wands. [Jiyva's grace]
 47089 | Zot:1    | Gained mutation: You have a small jelly attached to you
                  | that may absorb projectiles. [Jiyva's grace]
 47089 | Zot:1    | Gained mutation: Your system is resistant to poisons.
                  | (rPois) [Jiyva's grace]
 47089 | Zot:1    | Gained mutation: Your rubbery body absorbs attacks. (AC +1,
                  | EV +1) [Jiyva's grace]
 47121 | Zot:1    | Identified the +1 chain mail of the Eleven Yaks {Will+
                  | Regen+}
 47154 | Zot:1    | Reached XP level 25. HP: 142/176 MP: 36/40
 47832 | Zot:2    | Noticed a Killer Klown
 47842 | Zot:2    | Killed a Killer Klown
 48702 | Zot:3    | Reached skill level 10 in Armour
 49328 | Zot:3    | Lost mutation: You are extremely strong-willed. (Will+++)
                  | [Jiyva's grace]
 49328 | Zot:3    | Lost mutation: You are very robust. (+20% HP) [Jiyva's
                  | grace]
 49328 | Zot:3    | Lost mutation: You are robust. (+10% HP) [Jiyva's grace]
 49328 | Zot:3    | Gained mutation: You have a small jelly attached to you
                  | that senses nearby items. [Jiyva's grace]
 49328 | Zot:3    | Gained mutation: Your muscles are strong. (Str +4, Int/Dex
                  | -1) [Jiyva's grace]
 49328 | Zot:3    | Gained mutation: Your muscles are very strong. (Str +8,
                  | Int/Dex -2) [Jiyva's grace]
 49328 | Zot:3    | Gained mutation: Armour fits poorly on your pseudopods.
                  | [Jiyva's grace]
 49664 | Zot:4    | Noticed a Killer Klown
 49668 | Zot:4    | Killed a Killer Klown
 49691 | Zot:4    | Noticed a Killer Klown
 49710 | Zot:4    | Killed a Killer Klown
 50175 | Zot:4    | Reached XP level 26. HP: 150/151 MP: 41/41
 50762 | Zig:1    | Entered Level 1 of a ziggurat
 50789 | Zig:2    | Entered Level 2 of a ziggurat
 50803 | Zig:2    | Reached skill level 1 in Conjurations
 50821 | Zig:3    | Entered Level 3 of a ziggurat
 50821 | Zig:3    | Noticed an orb of fire
 50848 | Zig:3    | Killed an orb of fire
 50897 | Zig:3    | Identified the +8 flail "Noshuclo" {heavy, rPois Str+9
                  | Dex+4 Stlth-}
 50904 | Zig:4    | Entered Level 4 of a ziggurat
 50922 | Zig:4    | Got the Cyclopedia of Igneous Locality
 50926 | Zig:4    | Learned a level 2 spell: Blink
 50927 | Zig:4    | Identified the amulet of Eternal Night {Acrobat rF+ rC++
                  | Will+ Str-4}
 50931 | Zig:5    | Entered Level 5 of a ziggurat
 50947 | Zig:5    | Reached skill level 1 in Translocations
 51026 | Zig:6    | Entered Level 6 of a ziggurat
 51028 | Zig:6    | Paralysed by an air elemental for 1 turns
 51029 | Zig:6    | Found the ring of the Mage {Wiz Archmagi}
 51050 | Zig:6    | Identified the quicksilver dragon scales of the Well-Known
                  | Visions {Harm Will+ Str-2 Dex+4}
 51093 | Hell     | Entered the Vestibule of Hell
 51093 | Hell     | Noticed Geryon
 51599 | Zot:5    | Entered Level 5 of the Realm of Zot
 51698 | Zot:5    | Lost mutation: Your mind is acute. (Int +4, Str/Dex -1)
                  | [Jiyva's grace]
 51698 | Zot:5    | Lost mutation: You are highly strong-willed. (Will++)
                  | [Jiyva's grace]
 51698 | Zot:5    | Lost mutation: Armour fits poorly on your pseudopods.
                  | [Jiyva's grace]
 51698 | Zot:5    | Lost mutation: You are covered in slimy tendrils that may
                  | disarm your opponents. [Jiyva's grace]
 51698 | Zot:5    | Gained mutation: You have supernaturally acute eyesight.
                  | (SInv) [Jiyva's grace]
 51698 | Zot:5    | Gained mutation: Your pliable body absorbs attacks. (AC +2,
                  | EV +2) [Jiyva's grace]
 51698 | Zot:5    | Gained mutation: Your gelatinous body deflects attacks. (AC
                  | +3, EV +3) [Jiyva's grace]
 51698 | Zot:5    | Gained mutation: You are partially covered in iridescent
                  | scales. (AC +2) [Jiyva's grace]
 51931 | Zot:5    | Reached skill level 5 in Translocations
 51958 | Zot:5    | Reached skill level 5 in Conjurations
 52031 | Zot:5    | Noticed a dread lich
 52036 | Zot:5    | Noticed an orb of fire
 52040 | Zot:5    | Noticed a dread lich
 52042 | Zot:5    | Killed a dread lich
 52047 | Zot:5    | Noticed an orb of fire
 52051 | Zot:5    | Noticed an orb of fire
 52051 | Zot:5    | Gained mutation: Armour fits poorly on your strangely
                  | shaped body. [an orb of fire]
 52052 | Zot:5    | Noticed a dread lich
 52146 | Zot:5    | Noticed an ancient lich
 52157 | Zot:5    | Noticed an orb of fire
 52159 | Zot:5    | Killed a dread lich
 52160 | Zot:5    | Gained mutation: You are dopey. (Int -2) [an orb of fire]
 52176 | Zot:5    | Gained mutation: You are clumsy. (Dex -2) [an orb of fire]
 52229 | Zot:5    | Killed an orb of fire
 52230 | Zot:5    | Killed from afar by an orb of fire

Illustrated notes

Levels and vault maps discovered:
D:1:      psy_arrival_terrarium, layout_basic,
          shapermc_ecumenical_altar_flowoftime
D:2:      layout_basic
D:3:      layout_loops_cross, grunt_temple_overflow_magic_moments,
          uniq_crazy_yiuf_cottage, uniq_robin
D:4:      layout_rooms, nicolae_qazlal_general_emergency,
          lightli_sewer_entry_pipes, serial_shops, shop
D:5:      layout_loops_cross, nicolae_ashenzari_panopticon, uniq_edmund
D:6:      layout_loops_ring, minmay_stone_trees_small, minmay_manual_mares,
          uniq_eustachio, uniq_prince_ribbit1, uniq_sigmund
D:7:      layout_gridville, mainiacjoe_overflow_tiny_flanked,
          mainiacjoe_overflow_small_starburst, mainiacjoe_overflow_brackets,
          temple_pool_b, nicolae_ossuary_entry_catacombs
D:8:      layout_loops_ring, lemuel_coloured_pillars_altar,
          reono_crystal_passage, kennysheep_nondescript
D:9:      layout_cave_pods, minmay_fractal_squares_gapless_5
D:10:     layout_loops_corners, mainiacjoe_overflow_surrounded_room,
          kennysheep_mini_moat, lemuel_doored_altar,
          mainiacjoe_overflow_boulevard, lair_entry_dummy
D:11:     nicolae_cairo_tiling_large_dashed, layout_layer_cave, uniq_psyche
D:12:     layout_loops_cross, minmay_orc_entry_guard_dogs
D:13:     layout_irregular_city, serial_shops, nicolae_shop_stone, uniq_frances
D:14:     kennysheep_bubble_arena, layout_loops_ring, erik_vaults_1,
          nicolae_tso_carved_into_rock, feat_on_display
D:15:     grunt_enter_depths_snipers, layout_grid_maze, serial_shops,
          bzr_entry_water, chequers_serial_rivers_micro_b, uniq_louise
Lair:1:   layout_regular_city, wad_woods_road_05, lemuel_fruit_fields
Lair:2:   layout_cave_pods, guppyfry_snake_entry_island, lemuel_fruit_tree
Lair:3:   layout_cave_shapes, minmay_swamp_entry_swarm
Lair:4:   regret_index_wax_grids, layout_big_grid
Lair:5:   due_jungle_book, layout_misc_corridors, slime_entry_2, uniq_urug
Swamp:1:  layout_basic_swamp, hangedman_swamp_ruin_wall
Swamp:2:  layout_falls_marsh, nicolae_swamp_oxbows
Swamp:3:  layout_basic_swamp, gammafunk_ghost_hydra_chop,
          evilmike_swamp_ruin_house_2, swamp_pool1,
          nicolae_swamp_stuck_in_the_mud, uniq_donald
Swamp:4:  swamp_old_school, layout_basic_swamp, swamp_pool2
Snake:1:  layout_chambers, nicolae_shop_firing_range
Snake:2:  gammafunk_sealed_library, layout_cave_pods, gammafunk_ghost_grave,
          st_stairs_2, uniq_saint_roka
Snake:3:  layout_concentric_octagons, guppyfry_snake_island
Snake:4:  johnstein_snake_rune_scales, layout_rooms, serial_nicolae_subway,
          nicolae_sub_station_crystal, nicolae_sub_station_stone,
          nicolae_sub_station_metal, uniq_mlioglotl, uniq_agnes, uniq_aizul
Slime:1:  layout_caves, cheibrodos_slime_lost_civilization_4
Slime:2:  layout_caves
Slime:3:  layout_caves
Slime:4:  layout_caves
Slime:5
Orc:1:    layout_caves, nicolae_orc_lava_room
Orc:2:    st_orc_town, layout_caves, basic_altar
Elf:1:    nicolae_elf_arrival_dilemma, layout_geoelf_octagon,
          hangedman_elven_crosses_minicolossus, nicolae_shop_self_help
Elf:2:    nicolae_elf_blades_splatter_lattice [nicolae_blade_entry_antechamber],
          layout_rooms
Elf:3:    minmay_elf_hall_not_hex, layout_geoelf_diagonals
Vaults:1: ontoclasm_vaults_tryst, vaults_mumra_minichess_inversion,
          vaults_room_grunt_arrival_ludios, nicolae_vaults_ninety_degrees,
          nicolae_vaults_alarming, vaults_mumra_hexcomb, v_misc_25,
          vaults_standard_mumra_x, st_octagons_1, serial_ice_g,
          ontoclasm_vaults_claustrophobia, layout_vaults_omnicross,
          serial_shops, nicolae_shop_temple_entry_statues_fountains
Vaults:2: v_rooms_2, ontoclasm_vaults_hangar, nicolae_vaults_yaktaur_gun_rack,
          vaults_mumra_lcd, v_misc_2, vaults_mumra_chevron,
          nicolae_vaults_meeting, v_misc_1, vaults_room_door_ring,
          grunt_vaults_funnel, layout_vaults_big_room, serial_shops,
          bzr_entry_dummy
Vaults:3: minmay_crypt_entry_simple_plaza, hangedman_vaults_corner,
          st_more_cells, vaults_room_fancy_cross, vaults_standard_mumra_lines,
          hangedman_vaults_impose, vaults_room_door_ring,
          ontoclasm_vaults_gateway, hangedman_vaults_locks,
          ontoclasm_vaults_loading_screen, vaults_dpeg_diagonal,
          nicolae_vaults_three_branches, ontoclasm_vaults_twist,
          layout_vaults_omnibox, enter_trove_1
Vaults:4: nicolae_vaults_theta, v_pattern_2, vaults_room_ringed_pool,
          vaults_room_boxed, nicolae_vaults_little_squares_5, v_misc_5,
          vaults_room_fancy_cross, ontoclasm_vaults_loading_screen,
          ontoclasm_vaults_shuriken, ontoclasm_vaults_gallery,
          layout_vaults_ring
Vaults:5: uniq_margery
Crypt:1:  layout_chaotic_city, basic_altar, palyth_stone_intersect, uniq_vv,
          uniq_josephina
Crypt:2:  layout_catacombs, wad_floor_pattern_untrapped, st_burial_chamber,
          lemuel_upstairs_altar
Crypt:3:  church_of_pain_bobbens, layout_chaotic_city, hellmonk_ghost_big_iron
Depths:1: layout_gridville, enter_ziggurat_f, hangedman_coc_ice_floe,
          kennysheep_flooded_box, serial_shops, shop,
          nicolae_transporter_circle, serial_bayou_shore_b
Depths:2: dreamdust_tengu_aerie, layout_basic, ebering_ghost_disaster_area,
          rand_demon_pan_entry_8, hell_entry
Depths:3: hellmonk_ruined_rings, layout_cave_pools,
          pf_vacation_house_of_asmodeus, serial_shops, shop,
          nicolae_lakefront_shop, nicolae_shop_window_shopping,
          nicolae_shop_crystal, shop, nicolae_abyss_entry_one_way_or_another
Depths:4: grunt_zot_entry_pinwheel, layout_cave_pools, vehumet_crystals,
          serial_co_window_serial, co_window_paths_b, co_window_corner_a,
          co_window_of_opportunity_a, co_window_of_opportunity_a,
          co_window_corner_a, co_window_cross_4, co_window_broadway_c,
          co_window_2corner, co_window_2corner, co_window_corner_b,
          co_window_broadway_a, co_window_of_opportunity_b, glass_columns_a,
          glass_columns_c, glass_columns_a, glass_columns_a, glass_columns_a,
          hell_entry
Hell
Zot:1:    layout_misc_corridors
Zot:2:    layout_misc_corridors, grunt_megastairs_5
Zot:3:    layout_cathedral_of_symmetry, st_stairs_3
Zot:4:    layout_gridville, hangedman_zot_decor_scrapings,
          hangedman_hellfire_club, grunt_megastairs_3
Zot:5:    layout_twisted_circle

Skill      XL: |  1  2  3  4  5  6  7  8  9 10 11 12 13 14 15 16 17 18 19 20 21 22 23 24 25 26 |
---------------+-------------------------------------------------------------------------------+-----
Dodging        | 1 2 3 4 5 6 7 9 |  9.0
Stealth        | 5 6 7 8 9 11 12 13 | 13.0
Fighting       | 2 3 4 6 7 8 10 12 15 16 17 19 20 | 20.0
Short Blades   | 2 3 4 6 7 8 10 | 10.0
Throwing       | 2 3 4 |  4.9
Necromancy     | 2 8 12 13 17 18 19 20 22 25 | 25.8
Spellcasting   | 4 8 10 12 13 14 | 14.0
Evocations     | 3 4 9 12 | 12.0
Armour         | 4 8 11 12 | 12.0
Earth Magic    | 7 12 13 14 16 17 | 17.5
Summonings     | 7 8 |  8.7
Conjurations   | 5 |  5.8
Translocations | 6 |  6.7

Action                   |  1- 3 |  4- 6 |  7- 9 | 10-12 | 13-15 | 16-18 | 19-21 | 22-24 | 25-27 || total
-------------------------+-------+-------+-------+-------+-------+-------+-------+-------+-------++-------
Melee: Dagger            |    83 |   164 |   324 |   590 |   387 |       |       |       |       ||  1548
       Bite              |    13 |    51 |    86 |   233 |   495 |   494 |   798 |  1231 |   499 ||  3900
       Punch             |     1 |       |     6 |     9 |     8 |       |       |       |       ||    24
       Pseudopods        |       |       |       |   101 |   321 |    52 |       |       |   113 ||   587
       Headbutt          |       |       |       |    40 |   314 |   181 |   524 |   304 |       ||  1363
       Pair of quick bla |       |       |       |       |   732 |  1150 |  1364 |  1904 |   735 ||  5885
Throw: Dart              |       |    18 |     7 |    13 |    12 |    15 |     2 |       |     3 ||    70
       Javelin           |       |       |       |       |       |     2 |       |       |     3 ||     5
       Throwing net      |       |       |       |       |       |       |       |       |     1 ||     1
 Cast: Animate Dead      |       |       |       |       |     1 |     3 |    11 |     5 |     5 ||    25
       Borgnjor's Vile C |       |       |       |       |       |     3 |     3 |    12 |    10 ||    28
       Death Channel     |       |       |       |       |       |       |     3 |     4 |       ||     7
       Lee's Rapid Decon |       |       |       |       |       |       |     1 |    45 |    18 ||    64
       Stone Arrow       |       |       |       |       |       |       |       |     2 |       ||     2
       Infestation       |       |       |       |       |       |       |       |     4 |     4 ||     8
       Blink             |       |       |       |       |       |       |       |       |     1 ||     1
Invok: Oozemancy         |       |       |       |     1 |       |     3 |     5 |     1 |     1 ||    11
       Slimify           |       |       |       |       |     2 |     4 |     8 |     4 |     2 ||    20
Evoke: Wand              |       |       |       |       |     3 |     2 |     5 |     8 |     5 ||    23
       Box of beasts     |       |       |       |       |       |     1 |       |       |       ||     1
       Tin of tremorston |       |       |       |       |       |     1 |       |     3 |     2 ||     6
       Condenser vane    |       |       |       |       |       |       |     1 |     1 |     1 ||     3
       Phantom mirror    |       |       |       |       |       |       |     2 |       |     1 ||     3
       Phial of floods   |       |       |       |       |       |       |     1 |       |       ||     1
  Use: Scroll            |       |    14 |     6 |     6 |    11 |     1 |     9 |     5 |     5 ||    57
       Potion            |       |       |     2 |       |       |       |     5 |     5 |     9 ||    21
 Stab: Sleeping          |     3 |     7 |    27 |    20 |    29 |    44 |    47 |    39 |     6 ||   222
       Distracted        |     1 |       |     1 |     3 |     7 |     7 |     6 |    15 |     7 ||    47
       Confused          |       |       |       |     2 |       |       |    44 |    19 |    10 ||    75
Armor: Robe              |    10 |    22 |    40 |       |       |       |       |       |       ||    72
       Leather armour    |       |       |    30 |   101 |    54 |       |       |       |       ||   185
       Ring mail         |       |       |       |       |   138 |   240 |   285 |   342 |       ||  1005
       Chain mail        |       |       |       |       |       |       |       |     2 |   294 ||   296
Dodge: Dodged            |    57 |   110 |   272 |   442 |   641 |   588 |   518 |   625 |   278 ||  3531
Block: Other             |       |       |       |       |    17 |       |       |       |       ||    17
       Reflection        |       |       |       |       |     4 |       |       |       |       ||     4

Table legend: (Time is in decaauts)
 A = Elapsed time spent in this place.
 B = Non-inter-level travel time spent in this place.
 C = Inter-level travel time spent in this place.
 D = Time resting spent in this place.
 E = Time spent auto-exploring this place.
 F = Levels seen in this place.
 G = Mean time per level.
                   A        B        C        D        E       F      G
               +--------+--------+--------+--------+--------+-----+--------+
         Total |  50299 |  44663 |   5636 |   3880 |  27131 |  66 |  762.1 |
       Dungeon |  13531 |  11748 |   1783 |    726 |   8328 |  15 |  902.1 |
          Lair |   5187 |   4395 |    792 |    310 |   2728 |   5 | 1037.4 |
         Swamp |   2709 |   2378 |    331 |     65 |   1574 |   4 |  677.2 |
     Snake Pit |   4739 |   4151 |    588 |    392 |   2590 |   4 | 1184.8 |
    Slime Pits |    201 |    173 |     28 |      0 |      0 |   5 |   40.2 |
  Orcish Mines |   1059 |    883 |    176 |      0 |    712 |   2 |  529.5 |
   Elven Halls |   2472 |   2296 |    176 |    330 |    903 |   3 |  824.0 |
        Vaults |   7447 |   6406 |   1041 |    507 |   4088 |   5 | 1489.4 |
         Crypt |   3031 |   2946 |     85 |    207 |   1420 |   3 | 1010.3 |
        Depths |   4676 |   4247 |    429 |    570 |   2694 |   4 | 1169.0 |
          Hell |      6 |      6 |      0 |      0 |      0 |   1 |    6.0 |
           Zot |   4180 |   3977 |    203 |    584 |   2000 |   5 |  836.0 |
      Ziggurat |    226 |    226 |      0 |     71 |      0 |   6 |   37.7 |
        Bazaar |    167 |    167 |      0 |      0 |      0 |   2 |   83.5 |
         Sewer |    410 |    410 |      0 |    115 |     57 |   1 |  410.0 |
       Ossuary |    251 |    251 |      0 |      0 |     33 |   1 |  251.0 |
               +--------+--------+--------+--------+--------+-----+--------+

Top non-repeatable levels by time:
Vaults:4: 1804 daAuts
 Snake:2: 1755 daAuts
Vaults:5: 1540 daAuts
   Elf:3: 1459 daAuts
Vaults:2: 1435 daAuts
 Snake:1: 1434 daAuts
Depths:4: 1426 daAuts
  Lair:5: 1418 daAuts
    D:11: 1377 daAuts
 Crypt:3: 1372 daAuts
Depths:2: 1347 daAuts
Vaults:3: 1343 daAuts
Vaults:1: 1323 daAuts
     D:9: 1199 daAuts
Depths:1: 1194 daAuts
